 Dungeon Crawl Stone Soup version 0.27-a0-797-g27d10ad80f (webtiles) character file.

Game seed: 6649445574905862221

0 Das the Charlatan (level 1, 0/16 HPs)
             Began as a Minotaur Artificer on Mar 27, 2021.
             Succumbed to a goblin's poison
             ... on level 1 of the Dungeon.
             The game lasted 00:00:40 (23 turns).

Das the Charlatan (Minotaur Artificer)                Turns: 23, Time: 00:00:41

Health: 0/16       AC:  3    Str: 16    XL:     1   Next: 0%
Magic:  0/0        EV: 11    Int:  8    God:
Gold:   0          SH:  0    Dex: 10    Spells: 0/0 levels left

rFire    . . .     SeeInvis .   a - +0 club
rCold    . . .     Faith    .   (no shield)
rNeg     . . .     Spirit   .   b - +0 leather armour
rPois    .         Reflect  .   (helmet restricted)
rElec    .         Harm     .   (no cloak)
rCorr    .         Rampage  .   (no gloves)
Will     .....                  (no boots)
Stlth    +.........             (no amulet)
HPRegen  0.05/turn              (no ring)
MPRegen  0.07/turn              (no ring)

@: lethally poisoned (0 -> -19)
A: horns 2, retaliatory headbutt
a: no special abilities


You were on level 1 of the Dungeon.
You visited 1 branch of the dungeon, and saw 1 of its levels.

Inventory:

Hand Weapons
 a - a +0 club (weapon)
Armour
 b - a +0 leather armour (worn)
Wands
 c - a wand of flame (15) (quivered)
 d - a wand of charming (15)
 e - a wand of random effects (15)


   Skills:
 + Level 1.2 Fighting
 + Level 2.4 Armour
 + Level 1.1 Dodging
 + Level 0.7 Stealth
 + Level 2.6 Evocations


You couldn't memorise any spells.
You didn't know any spells.
Your spell library was empty.

Dungeon Overview and Level Annotations

Branches:
Dungeon (1/15)

Altars:


Innate Abilities, Weirdness & Mutations

You have a pair of horns on your head.
You reflexively headbutt those who attack you in melee.


Message History

Welcome, Das the Minotaur Artificer.
It is said that the Orb of Zot exists deep within this dungeon.
Press ? for a list of commands and other information.
Found 10 gold pieces.
Found an escape hatch in the floor.
Found a staircase leading out of the dungeon.
Unknown command.
Unknown command.
Sorry, I don't know how to traverse that place.
Sorry, I don't know how to traverse that place.
Sorry, I don't know how to traverse that place.
Found a robe.
Sorry, I don't know how to traverse that place.
Why would you want to do that?
Found a smoky emerald potion.
Found a scroll labelled QIRARPH OKYE.
A goblin comes into view. It is wielding a +1 dagger of venom.
A hobgoblin comes into view.
The hobgoblin shouts!
You hear a shout!
You closely miss the goblin.
The goblin hits you with a +1 dagger of venom.
You are poisoned.
You hit the goblin. Your headbutt misses the goblin.
The goblin is heavily wounded.
You feel very sick.
The goblin hits you with a +1 dagger of venom.
You are lethally poisoned!
You hit the goblin.
You kill the goblin!
You die...

.. .# .# .# #
#.#######.##...
...........g.#
......)@.###
.....###...# P....
##..## P
....##....############
#?.!...............#
....##......≈≈≈≈§.....
##. #.....≈§≈≈§§§....
# #.....≈≈[>$≈≈...<
##....≈≈§≈≈≈§....


You could see a hobgoblin.

Vanquished Creatures
  A goblin (D:1)
1 creature vanquished.

Vanquished Creatures (others)
  A plant (D:1)
1 creature vanquished.

Grand Total: 2 creatures vanquished

Notes
Turn   | Place    | Note
-------+----------+-------------------------------------------
     0 | D:1      | Das the Minotaur Artificer began the quest for the Orb.
     0 | D:1      | Reached XP level 1. HP: 16/16 MP: 0/0
    23 | D:1      | Succumbed to a goblin's poison

Illustrated notes

Levels and vault maps discovered:
D:1:      lemuel_arrival_lava_pool, layout_loops_ring, serial_forest,
          infiniplex_forest_lined_corner, infiniplex_forest_clump_large,
          infiniplex_forest_lined_2, infiniplex_forest_clump_small,
          infiniplex_forest_diagonal, infiniplex_forest_clump_long,
          infiniplex_forest_straight_3, infiniplex_forest_straight_1,
          infiniplex_forest_clump_small, infiniplex_forest_corner_1,
          minmay_misc_feat_enclosed

Action                   || total
-------------------------++-------
Melee: Club              ||     3

Table legend: (Time is in decaauts)
 A = Elapsed time spent in this place.
 B = Non-inter-level travel time spent in this place.
 C = Inter-level travel time spent in this place.
 D = Time resting spent in this place.
 E = Time spent auto-exploring this place.
 F = Levels seen in this place.
 G = Mean time per level.
                   A        B        C        D        E       F      G
               +--------+--------+--------+--------+--------+-----+--------+
         Total |     23 |      4 |     19 |      0 |      0 |   1 |   23.0 |
       Dungeon |     23 |      4 |     19 |      0 |      0 |   1 |   23.0 |
               +--------+--------+--------+--------+--------+-----+--------+

Top non-repeatable levels by time:
     D:1: 23 daAuts
